 Dungeon Crawl Stone Soup version 0.24-a0-201-gf205589 (webtiles) character file.

Game seed: 13226516313377920312

43 Ivan the Covered (level 3, 0/31 HPs)
             Began as a Demigod Fighter on Mar 24, 2019.
             Slain by an adder (4 damage)
             ... on level 2 of the Dungeon.
             The game lasted 00:02:48 (670 turns).

Ivan the Covered (Demigod Fighter)                   Turns: 670, Time: 00:02:48

Health: 0/31       AC:  6    Str: 21    XL:     3   Next: 20%
Magic:  5/5        EV:  7    Int: 12    God:
Gold:   20         SH:  9    Dex: 15    Spells: 2/2 levels left

rFire    . . .     SeeInvis .   a - +0 long sword
rCold    . . .     Gourm    .   c - +0 shield
rNeg     . . .     Faith    .   b - +0 scale mail
rPois    .         Spirit   .   (no helmet)
rElec    .         Reflect  .   (no cloak)
rCorr    .         Harm     .   (no gloves)
MR       .....                  (no boots)
Stlth    ..........             (no amulet)
HPRegen  0.10/turn              (no ring)
MPRegen  0.09/turn              (no ring)

@: no status effects
A: high mp 1
a: no special abilities


You were on level 2 of the Dungeon.
You were not hungry.

You visited 1 branch of the dungeon, and saw 2 of its levels.

You collected 20 gold pieces.

Inventory:

Hand Weapons
 a - a +0 long sword (weapon)
Armour
 b - a +0 scale mail (worn)
 c - a +0 shield (worn)
Scrolls
 e - a scroll of random uselessness {unknown}
 g - 2 scrolls of magic mapping {unknown}
 h - 2 scrolls of remove curse {unknown}
 j - a scroll of identify {unknown}
 l - a scroll of teleportation {unknown}
 m - a scroll of fog {unknown}
Potions
 d - a potion of might
 i - a potion of berserk rage {unknown}
 k - a potion of brilliance {unknown}
Comestibles
 f - 3 rations


   Skills:
 + Level 3.0 Fighting
 + Level 2.0 Long Blades
 + Level 3.1 Armour
 + Level 0.1 Dodging
 + Level 3.1 Shields


You had 2 spell levels left.
You didn't know any spells.
Your spell library was empty.

Dungeon Overview and Level Annotations

Branches:
Dungeon (2/15)


Innate Abilities, Weirdness & Mutations

You have an increased reservoir of magic. (+10% MP)


Message History

The jackal bites you.
* * * LOW HITPOINT WARNING * * *
You block the adder's attack. You block the jackal's attack.
The jackal bites you but does no damage.
You block the adder's attack. The jackal barely misses you.
The jackal bites you but does no damage.
The jackal barely misses you. The adder bites you but does no damage.
The jackal bites you but does no damage.
You block the jackal's attack. The adder closely misses you.
You riposte.
You hit the adder but do no damage.
The adder is almost dead.
The jackal bites you but does no damage.
You block the jackal's attack. The adder bites you but does no damage.
You block the jackal's attack. You block the jackal's attack.
You block the adder's attack. You block the jackal's attack.
The jackal closely misses you.
You riposte.
You closely miss the jackal.
The jackal is moderately wounded.
The adder bites you.
You die...

# . #####. ..
#.....#######....
#......<.........
#........###.....
####.###.)S......
# ##@h......
#†)h......
#.........
#.........
#.........
#.........
##........
.........


You could see an adder and 2 jackals.

Vanquished Creatures
  An adder (D:2)
  2 dart slugs (D:1)
  A bat (D:1)
  3 giant cockroaches (D:1)
  6 hobgoblins
  A jackal (D:2)
  A frilled lizard (D:1)
  6 goblins
  2 kobolds (D:1)
  5 rats (D:1)
28 creatures vanquished.

Notes
Turn   | Place    | Note
-------+----------+-------------------------------------------
     0 | D:1      | Ivan the Demigod Fighter began the quest for the Orb.
     0 | D:1      | Reached XP level 1. HP: 18/18 MP: 3/3
   335 | D:1      | Reached XP level 2. HP: 23/25 MP: 4/4
   648 | D:2      | Reached XP level 3. HP: 27/31 MP: 5/5
   670 | D:2      | Slain by an adder

Levels and vault maps discovered:
D:1:      dpeg_arrival_water_fire, layout_loops_ring
D:2:      minmay_wonky_spiral, layout_rooms, regret_index_temple_of_mockery,
          kiku_gazebo_pond_becter

Skill      XL: |  1  2 |
---------------+-------+-----
Armour         | 3 |  3.1
Shields        | 3 |  3.1
Fighting       | 3 |  3.0
Long Blades    | 2 |  2.0
Dodging        | |  0.1

Action                   || total
-------------------------++-------
Melee: Long sword        ||    77
Armor: Scale mail        ||    69
Dodge: Dodged            ||    44
Block: Shield            ||    79
       Rpst.: Long sword ||    15

Table legend:
 A = Non-vault XP
 B = Vault XP
 C = Vault XP percentage of total XP
 D = Non-vault monster count
 E = Vault monster count
 F = Vault count percentage of total count
                 A         B        C        D         E       F
            +---------+---------+-------+---------+---------+-------
      Total |      62 |       0 |   0.0 |      28 |       0 |   0.0
            +---------+---------+-------+---------+---------+-------
        D:1 |      41 |       0 |   0.0 |      23 |       0 |   0.0
        D:2 |      21 |       0 |   0.0 |       5 |       0 |   0.0
            +---------+---------+-------+---------+---------+-------
